 Dungeon Crawl Stone Soup version 0.27-a0-488-g88baaf19db (webtiles) character file.

Game seed: 640341567806278493

3139 Dirtsage the Ruffian (level 9, 0/71 HPs)
             Began as a Demonspawn Gladiator on Mar 1, 2021.
             Was a Follower of Ru.
             Slain by Maggie
             ... wielding a +0 broad axe
              (1 damage)
             ... on level 9 of the Dungeon.
             The game lasted 00:17:03 (8140 turns).

Dirtsage the Ruffian (Demonspawn Gladiator)         Turns: 8140, Time: 00:17:03

Health: 0/71       AC:  7    Str: 18    XL:     9   Next: 61%
Magic:  0/9        EV: 15    Int:  9    God:    Ru [*.....]
Gold:   169        SH:  0    Dex: 15    Spells: 8/8 levels left

rFire    . . .     SeeInvis .   D - +0 broad axe
rCold    . . .     Faith    .   (no shield)
rNeg     . . .     Spirit   +   d - +0 ring mail
rPois    .         Reflect  .   b - +0 helmet
rElec    .         Harm     .   (no cloak)
rCorr    .         Rampage  .   (no gloves)
Will     .....                  (no boots)
Stlth    ..........             (no amulet)
HPRegen  0.21/turn              Y - +4 ring of slaying
MPRegen  0.22/turn              (no ring)

@: no status effects
A: hooves 1, repulsion field 1, powered by death 1, screaming 1, magic shield,
magic regeneration, no stealth
a: Renounce Religion


You were on level 9 of the Dungeon.
You worshipped Ru.
Ru was aware of your devotion.
You visited 2 branches of the dungeon, and saw 10 of its levels.

You collected 333 gold pieces.
You spent 164 gold pieces at shops.


Innate Abilities, Weirdness & Mutations

You have large cloven feet.
You are surrounded by a mild repulsion field. (EV +2)
You regenerate a little health from kills.
You occasionally shout uncontrollably at your foes.
When hurt, damage is shared between your health and your magic reserves.
You regenerate magic rapidly.
You cannot be stealthy.


   Skills:
 - Level 6.8 Fighting
 + Level 6.0 Axes
 - Level 1.7 Throwing
 - Level 3.9 Armour
 - Level 5.0 Dodging
 - Level 7.2 Unarmed Combat


You had 8 spell levels left.
You didn't know any spells.
Your spell library contained the following spells:

 Spells                   Type           Power        Failure   Level
 Animate Skeleton         Necr           0%           56%         1
 Corona                   Hex            0%           56%         1
 Pain                     Necr           0%           56%         1
 Ensorcelled Hibernation  Hex/Ice        0%           71%         2
 Confusing Touch          Hex            0%           91%         3
 Dazzling Flash           Conj/Hex       0%           91%         3
 Tukima's Dance           Hex            0%           91%         3
 Vampiric Draining        Necr           0%           91%         3
 Animate Dead             Necr           0%           100%        4
 Agony                    Necr           0%           100%        5

Inventory:

Hand Weapons
 p - a +2 long sword
 D - a +0 broad axe (weapon)
Missiles
 c - 3 throwing nets (quivered) {=f}
Armour
 a - a +0 leather armour
 b - a +0 helmet (worn)
 d - a +0 ring mail (worn)
Jewellery
 Y - a +4 ring of slaying (left hand)
Wands
 o - a wand of iceblast (12)
Scrolls
 e - 2 scrolls of amnesia {unknown}
 g - a scroll of blinking
 h - 3 scrolls of identify {@r1}
 i - 2 scrolls of fog {unknown}
 q - 2 scrolls of fear {unknown}
 t - a scroll of enchant armour {unknown}
 u - a scroll of noise {unknown}
 x - 2 scrolls of enchant weapon {unknown}
 y - a scroll of magic mapping
 z - a scroll of magic mapping
 A - a scroll of blinking
 B - 2 scrolls of teleportation {unknown}
 C - a scroll of vulnerability {unknown}
 E - a scroll of summoning {unknown}
Potions
 f - 2 potions of invisibility {unknown}
 j - 2 potions of curing {@q1}
 k - a potion of attraction
 l - 2 potions of heal wounds {@q2}
 m - 2 potions of brilliance
 n - 2 potions of magic {unknown}
 r - 2 potions of lignification {unknown}
 s - 3 potions of mutation {unknown}
 v - a potion of ambrosia
 w - 2 potions of berserk rage {!q}

Dungeon Overview and Level Annotations

Branches:
Dungeon (9/15)             Temple (1/1) D:4
   Lair: D:8-11         Orc: D:9-12

Altars:
Ashenzari
Cheibriados
Dithmenos
Elyvilon
Fedhas
Gozag
Kikubaaqudgha
Nemelex Xobeh
Okawaru
Qazlal
Ru
Sif Muna
Trog
Vehumet
Wu Jian
Yredelemnul
Zin

Shops:
D:5 ?[   D:6 *

Annotations:
D:5 1 runed translucent door
D:6 2 transporters
D:8 Psyche
D:9 Maggie

# #.
##.
#..
#.#
#.#
#@#
#@#
..#
....
...#.
##..
.#
#.#
## #.


You could see Maggie.


Message History

There is a stone staircase leading up here.
You barely miss Maggie. Your kick misses Maggie. Maggie closely misses you.
You slash Maggie!
Maggie is lightly wounded.
Maggie casts a spell at you. The bolt of fire misses you.
You hit Maggie.
Maggie is lightly wounded.
Maggie casts a spell.
Maggie attempts to bespell you! You resist with almost no effort.
You hit Maggie but do no damage. You kick Maggie.
Maggie is moderately wounded.
Maggie hits you with a +0 broad axe!
* * * LOW HITPOINT WARNING * * *
You completely miss Maggie.
Maggie is moderately wounded.
Maggie mumbles some strange words.
Maggie attempts to bespell you! You resist with almost no effort.
You closely miss Maggie. You kick Maggie, but do no damage.
Maggie is moderately wounded.
Maggie hits you with a +0 broad axe.
* * * LOW HITPOINT WARNING * * *
You barely miss Maggie. You kick Maggie.
Maggie is moderately wounded.
Maggie hits you with a +0 broad axe.
* * * LOW HITPOINT WARNING * * *
You slash Maggie! Your kick misses Maggie.
Maggie is heavily wounded.
Maggie hits you with a +0 broad axe.
You die...

Skill      XL: |  1  2  3  4  5  6  7  8  9 |
---------------+----------------------------+-----
Unarmed Combat | 3 4 5 6 7 |  7.2
Armour         | 2 3 |  3.9
Dodging        | 3 5 |  5.0
Fighting       | 4 6 |  6.8
Axes           | 6 |  6.0
Throwing       | |  1.7

Action                   |  1- 3 |  4- 6 |  7- 9 || total
-------------------------+-------+-------+-------++-------
Melee: Unarmed           |   182 |   164 |   233 ||   579
       Punch             |     4 |     3 |     6 ||    13
       Broad axe         |       |       |    91 ||    91
       Kick              |       |       |    37 ||    37
Invok: Sacrifice Purity  |       |       |     1 ||     1
       Sacrifice Stealth |       |       |     1 ||     1
  Use: Potion            |       |     3 |       ||     3
       Scroll            |       |     3 |     3 ||     6
Armor: Leather armour    |    15 |       |       ||    15
       Ring mail         |    65 |    36 |    51 ||   152
Dodge: Dodged            |   139 |    58 |   213 ||   410

Levels and vault maps discovered:
D:1:      minmay_arrival_three_doors, layout_rooms, kennysheep_pointless_box,
          chequers_big_river, minmay_misc_feat_room,
          amcnicky_mini_corridor_feature, minmay_cupped
D:2:      layout_basic, chequers_serial_rivers_micro_e, st_stairs_1,
          serial_bayou_pond_c
D:3:      layout_rooms, lightli_temple_of_fire, lemuel_doored_altar
D:4:      layout_rooms, minmay_temple_entry_sparse_star, st_stairs_9
D:5:      lemuel_insect_pit, layout_basic, serial_shops, shop, shop
D:6:      gammafunk_steamed_eel, layout_loops_corners,
          nemelex_xobeh_ov_fountains_minmay, minmay_shop_mayhem,
          chequers_arboretum
D:7:      layout_loops_ring, gammafunk_temple_overflow_statue, basic_altar
D:8:      layout_basic, grunt_temple_overflow_open, minmay_lair_entry_grove,
          lemuel_blue_sif_altar, uniq_psyche
D:9:      layout_loops_ring, serial_shops,
          nicolae_shop_competitors_out_of_business, kennysheep_mini, shop,
          serial_rivers, chequers_serial_rivers_small_3,
          chequers_serial_rivers_small_3, chequers_serial_rivers_room_a,
          chequers_serial_rivers_marsh, chequers_serial_rivers_micro_d,
          chequers_serial_rivers_small_a, uniq_maggie
Temple:   regret_index_temple_generic_petals

Notes
Turn   | Place    | Note
-------+----------+-------------------------------------------
     0 | D:1      | Dirtsage the Demonspawn Gladiator began the quest for the
                  | Orb.
     0 | D:1      | Reached XP level 1. HP: 16/16 MP: 1/1
    29 | D:1      | Reached skill level 3 in Unarmed Combat
   138 | D:1      | Gained mutation: You regenerate a little health from kills.
                  | [demonic ancestry]
   138 | D:1      | Reached XP level 2. HP: 22/22 MP: 2/2
   163 | D:1      | You fall into a shaft and drop 1 floor!
   638 | D:1      | Gained mutation: You regenerate magic rapidly. [demonic
                  | ancestry]
   638 | D:1      | Reached XP level 3. HP: 27/27 MP: 3/3
   770 | D:1      | Reached skill level 4 in Unarmed Combat
  1931 | D:3      | Reached XP level 4. HP: 19/33 MP: 4/4
  1938 | D:3      | Reached skill level 5 in Unarmed Combat
  1938 | D:3      | Gained mutation: When hurt, damage is shared between your
                  | health and your magic reserves. [demonic ancestry]
  1938 | D:3      | Reached XP level 5. HP: 25/38 MP: 5/5
  2908 | D:3      | Found a bloodstained altar of Trog.
  2979 | D:3      | Found a broken altar of Ashenzari.
  3061 | D:4      | Found a staircase to the Ecumenical Temple.
  3067 | D:4      | Reached skill level 6 in Unarmed Combat
  3080 | D:4      | Gained mutation: You are surrounded by a mild repulsion
                  | field. (EV +2) [demonic ancestry]
  3080 | D:4      | Reached XP level 6. HP: 17/44 MP: 2/6
  3085 | Temple   | Entered the Ecumenical Temple
  3430 | Temple   | Became a worshipper of Ru the Awakened
  4141 | D:4      | Reached skill level 7 in Unarmed Combat
  4286 | D:5      | Entered Level 5 of the Dungeon
  4608 | D:5      | Reached XP level 7. HP: 43/51 MP: 7/7
  4656 | D:5      | Found Ideosh's Magic Scroll Boutique.
  4665 | D:5      | Bought a scroll of magic mapping for 38 gold pieces
  4665 | D:5      | Bought a scroll of blinking for 82 gold pieces
  4726 | D:5      | Found a runed translucent door.
  4728 | D:5      | Found a runed translucent door.
  4752 | D:5      | Reached skill level 1 in Armour
  4752 | D:5      | Reached skill level 3 in Dodging
  4768 | D:5      | Reached skill level 3 in Fighting
  4841 | D:5      | Found Virgheusi's Armour Boutique.
  5108 | D:6      | Gained mutation: You occasionally shout uncontrollably at
                  | your foes. [Ru sacrifice]
  5256 | D:6      | Reached skill level 4 in Fighting
  5256 | D:6      | Reached skill level 2 in Armour
  5313 | D:6      | Reached XP level 8. HP: 31/61 MP: 5/8
  5672 | D:6      | Reached skill level 5 in Fighting
  5672 | D:6      | Reached skill level 4 in Dodging
  5732 | D:6      | Reached skill level 3 in Armour
  6077 | D:6      | Found Noqubri's Mayhem Merchandise.
  6133 | D:6      | Reached skill level 6 in Fighting
  6379 | D:6      | Found a sparkling altar of Nemelex Xobeh.
  6404 | D:6      | Found a transporter.
  6417 | D:6      | Found a transporter.
  7040 | D:7      | Found a sacrificial altar of Ru.
  7067 | D:7      | Reached skill level 5 in Dodging
  7067 | D:7      | Gained mutation: You have large cloven feet. [demonic
                  | ancestry]
  7067 | D:7      | Reached XP level 9. HP: 70/71 MP: 9/9
  7166 | D:6      | Bought a +0 broad axe for 44 gold pieces
  7489 | D:7      | Reached skill level 1 in Axes
  7564 | D:7      | Found a snail-covered altar of Cheibriados.
  7564 | D:7      | Found an ancient bone altar of Kikubaaqudgha.
  7608 | D:7      | Reached skill level 2 in Axes
  7709 | D:7      | Gained mutation: You cannot be stealthy. [Ru sacrifice]
  7709 | D:7      | Reached * piety under Ru
  7839 | D:8      | Noticed Psyche
  8057 | D:8      | Found a shadowy altar of Dithmenos.
  8068 | D:8      | Reached skill level 3 in Axes
  8085 | D:8      | Reached skill level 4 in Axes
  8090 | D:8      | Reached skill level 5 in Axes
  8102 | D:8      | Reached skill level 6 in Axes
  8128 | D:8      | HP: 5/71 [wyvern (3)]
  8132 | D:9      | Noticed Maggie
  8136 | D:9      | HP: 3/71 [Maggie/+0 broad axe (4)]
  8139 | D:9      | HP: 1/71 [Maggie/+0 broad axe (2)]
  8140 | D:9      | Slain by Maggie

Vanquished Creatures
  3 yaks (D:8)
  A wyvern (D:8)
  A water moccasin (D:8)
  A sky beast (D:6)
  A black bear (D:6)
  An orc warrior (D:7)
  4 ogres
  A phantom (D:6)
  A wyvern zombie (D:7)
  3 bullfrogs (D:6)
  A gnoll sergeant (D:6)
  3 scorpions
  3 wights (D:3)
  3 howler monkeys (D:7)
  2 jellies
  A bullfrog skeleton (D:6)
  2 centaur skeletons
  8 orc priests
  2 hounds
  An iguana (D:8)
  6 orc wizards
  9 worker ants
  5 gnolls
  3 howler monkey skeletons
  An adder (D:2)
  2 shadow imps
  A white imp (D:6)
  An ufetubus (D:8)
  An adder zombie (D:6)
  An ooze (D:2)
  2 worms (D:3)
  3 dart slugs
  8 leopard geckos
  18 orcs
  10 bats
  7 giant cockroaches
  10 hobgoblins
  5 quokkas
  A ball python (D:7)
  5 frilled lizards
  2 goblins
  5 kobolds
  A leopard gecko skeleton (D:4)
  A quokka skeleton (D:4)
  7 rats
158 creatures vanquished.

Vanquished Creatures (others)
  2 fungi (D:8)
  18 plants
20 creatures vanquished.

Grand Total: 178 creatures vanquished

Table legend: (Time is in decaauts)
 A = Elapsed time spent in this place.
 B = Non-inter-level travel time spent in this place.
 C = Inter-level travel time spent in this place.
 D = Time resting spent in this place.
 E = Time spent auto-exploring this place.
 F = Levels seen in this place.
 G = Mean time per level.
                   A        B        C        D        E       F      G
               +--------+--------+--------+--------+--------+-----+--------+
         Total |   8133 |   7773 |    360 |    384 |   6017 |  10 |  813.3 |
       Dungeon |   7749 |   7427 |    322 |    384 |   5680 |   9 |  861.0 |
        Temple |    384 |    346 |     38 |      0 |    337 |   1 |  384.0 |
               +--------+--------+--------+--------+--------+-----+--------+

Top non-repeatable levels by time:
     D:6: 1620 daAuts
     D:2: 1235 daAuts
     D:3: 1207 daAuts
     D:7: 1150 daAuts
     D:1: 793 daAuts
     D:5: 768 daAuts
     D:4: 662 daAuts
  Temple: 384 daAuts
     D:8: 300 daAuts
     D:9: 9 daAuts

Table legend:
 A = Non-vault XP
 B = Vault XP
 C = Vault XP percentage of total XP
 D = Non-vault monster count
 E = Vault monster count
 F = Vault count percentage of total count
                 A         B        C        D         E       F
            +---------+---------+-------+---------+---------+-------
      Total |    3156 |    1329 |  29.6 |     135 |      23 |  14.6
            +---------+---------+-------+---------+---------+-------
        D:1 |      37 |       1 |   2.6 |      19 |       1 |   5.0
        D:2 |      74 |       4 |   5.1 |      14 |       3 |  17.6
        D:3 |     289 |       0 |   0.0 |      22 |       0 |   0.0
        D:4 |     221 |      44 |  16.6 |      12 |       2 |  14.3
        D:5 |     148 |     275 |  65.0 |       5 |      12 |  70.6
        D:6 |    1352 |       0 |   0.0 |      29 |       0 |   0.0
        D:7 |     682 |       0 |   0.0 |      21 |       0 |   0.0
        D:8 |     353 |    1005 |  74.0 |      13 |       5 |  27.8
            +---------+---------+-------+---------+---------+-------
